 Dungeon Crawl Stone Soup version 0.26-a0-812-g31a745ddcd (webtiles) character file.

Game seed: 15058876174261720438

483 loralnil the Sneak (level 6, -2/28 HPs)
             Began as a Spriggan Enchanter on Dec 9, 2020.
             Was a Follower of Dithmenos.
             Slain by an adder zombie (3 damage)
             ... in an ossuary.
             The game lasted 00:06:12 (3315 turns).

loralnil the Sneak (Spriggan Enchanter)             Turns: 3315, Time: 00:06:13

Health: -2/28      AC:  2    Str:  4    XL:     6   Next: 87%
Magic:  4/14       EV: 21    Int: 24    God:    Dithmenos [*.....]
Gold:   71         SH:  0    Dex: 17    Spells: 8/14 levels left

rFire    . . .     SeeInvis +   a - +1 dagger
rCold    . . .     Faith    .   (shield restricted)
rNeg     . . .     Spirit   .   b - +0 robe
rPois    .         Reflect  .   (helmet restricted)
rElec    .         Harm     .   (no cloak)
rCorr    .         Rampage  .   (gloves unavailable)
MR       +....                  (boots unavailable)
Stlth    ++++......             (no amulet)
HPRegen  0.09/turn              d - +6 ring of intelligence (curse)
MPRegen  0.14/turn              (no ring)

@: wreathed by umbra, very quick
A: very small, unfitting armour, see invisible, speed 3
a: Renounce Religion


You were in an ossuary.
You worshipped Dithmenos.
Dithmenos was aware of your devotion.
You visited 1 branch of the dungeon, and saw 4 of its levels.
You also visited: Ossuary.

You collected 71 gold pieces.

Inventory:

Hand Weapons
 a - a +1 dagger (weapon)
Armour
 b - a +0 robe (worn)
Jewellery
 d - a cursed +6 ring of intelligence (left hand)
Wands
 i - a wand of polymorph (9)
Scrolls
 c - 2 scrolls of remove curse
 e - 2 scrolls of identify
 f - a scroll of immolation
Potions
 h - a potion of curing


   Skills:
 + Level 3.5 Short Blades
 + Level 5.4 Dodging
 + Level 6.7 Stealth
 + Level 4.6 Spellcasting
 + Level 5.2 Hexes


You had 8 spell levels left.
You knew the following spells:

 Your Spells              Type           Power        Failure   Level
a - Corona                Hex            ####...      1%          1
b - Ensorcelled Hibernat  Hex/Ice        ###...       4%          2
c - Confusing Touch       Hex            ####....     3%          3

Your spell library contained the following spells:

 Spells                   Type           Power        Failure   Level
 Tukima's Dance           Hex            ####....     3%          3
 Dazzling Flash           Conj/Hex       ###...       10%         3


Dungeon Overview and Level Annotations

Branches:
Dungeon (4/15)            Ossuary (1/1)
 Temple: D:4-7

Altars:
Dithmenos
Vehumet

Annotations:
D:4 Menkaure


Innate Abilities, Weirdness & Mutations

You are very small and have problems with some larger weapons.
You are too small for most types of armour.
You have supernaturally acute eyesight. (SInv)
You cover ground extremely quickly.


Message History

The hound zombie is lightly damaged.
The hound zombie completely misses you.
You hit the hound zombie.
The hound zombie is moderately damaged.
The hound zombie misses you.
You hit the hound zombie.
The hound zombie is heavily damaged.
The adder zombie completely misses you.
You hit the hound zombie.
The hound zombie is heavily damaged.
The adder zombie closely misses you.
You hit the hound zombie.
The hound zombie is heavily damaged.
The hound zombie closely misses you. The adder zombie bites you.
* * * LOW HITPOINT WARNING * * *
The hound zombie completely misses you.
You hit the hound zombie.
The hound zombie is severely damaged.
The adder zombie bites you.
You die...

..................##..#
....Z..............#..#
......................#
...............##.....#
....Z..........##Z....#
......................#
......................#
.....#####.........#+##
.......@Z....Z.....#)!#
.......ZZ..........#)?#
#######################


You could see 2 adder zombies, a rat zombie and a hound zombie (confused).

Vanquished Creatures
  A phantom (D:4)
  An elf zombie (D:4)
  An elf skeleton (D:4)
  A hound (D:4)
  2 orc wizards (D:4)
  A worker ant (D:4)
  A mummy (Ossuary)
  3 gnolls (D:2)
  5 adders
  An ooze (D:1)
  2 dart slugs
  2 leopard geckos (D:1)
  4 orcs (D:4)
  3 ball pythons
  2 giant cockroaches (D:1)
  5 goblins
  6 hobgoblins
  3 jackals (D:1)
  6 bats (D:1)
  2 frilled lizards
  5 kobolds
  2 orc skeletons (D:4)
  3 rats
  A rat zombie (Ossuary)
63 creatures vanquished.

Notes
Turn   | Place    | Note
-------+----------+-------------------------------------------
     0 | D:1      | loralnil the Spriggan Enchanter began the quest for the
                  | Orb.
     0 | D:1      | Reached XP level 1. HP: 9/9 MP: 5/5
   576 | D:1      | Reached XP level 2. HP: 13/13 MP: 4/6
   594 | D:1      | Learned a level 2 spell: Ensorcelled Hibernation
  1204 | D:1      | Reached XP level 3. HP: 16/16 MP: 6/8
  1666 | D:2      | Reached skill level 5 in Stealth
  1818 | D:2      | Found a shadowy altar of Dithmenos.
  2047 | D:2      | Reached XP level 4. HP: 21/21 MP: 2/10
  2149 | D:2      | Found a radiant altar of Vehumet.
  2157 | D:2      | Became a worshipper of Dithmenos the Shadowed
  2634 | D:2      | Found a faded altar of an unknown god.
  2691 | D:3      | You fall into a shaft and drop 1 floor!
  2898 | D:4      | Noticed Menkaure
  2960 | D:4      | Reached XP level 5. HP: 24/24 MP: 6/11
  2974 | D:4      | Learned a level 3 spell: Confusing Touch
  3097 | D:4      | Reached skill level 6 in Stealth
  3135 | D:4      | Noticed a phantom
  3155 | D:4      | Killed a phantom
  3155 | D:4      | Reached skill level 5 in Dodging
  3155 | D:4      | Reached skill level 5 in Hexes
  3155 | D:4      | Reached XP level 6. HP: 22/28 MP: 4/13
  3252 | D:4      | Found a sand-covered staircase.
  3259 | Ossuary  | Entered an ossuary
  3264 | Ossuary  | Reached * piety under Dithmenos
  3313 | Ossuary  | HP: 1/28 [adder zombie (2)]
  3315 | Ossuary  | Slain by an adder zombie

Illustrated notes

Levels and vault maps discovered:
D:1:      minmay_arrival_pointy, layout_basic, nrook_mini_backslash,
          minmay_close_crescents
D:2:      layout_rooms, minitemple, chequers_ecumenical_altar_grove
D:3:      layout_loops_cross, lemuel_crystal_altar, lightli_temple_of_fire,
          serial_glass, glass_columns_a, glass_columns_b
D:4:      layout_basic, nicolae_ru_the_path_less_chosen,
          nicolae_ossuary_entry_catacombs, uniq_menkaure
Ossuary:  ossuary_minmay_tomb_2a

Skill      XL: |  1  2  3  4  5 |
---------------+----------------+-----
Spellcasting   | 3 4 |  4.6
Hexes          | 4 5 |  5.2
Stealth        | 5 6 |  6.7
Short Blades   | 2 3 |  3.5
Dodging        | 4 5 |  5.4

Action                   |  1- 3 |  4- 6 || total
-------------------------+-------+-------++-------
Melee: Dagger            |    83 |   112 ||   195
 Cast: Corona            |    12 |       ||    12
       Ensorcelled Hiber |    25 |    25 ||    50
       Confusing Touch   |       |     5 ||     5
  Use: Scroll            |     1 |     3 ||     4
 Stab: Sleeping          |    16 |    23 ||    39
       Confused          |       |     7 ||     7
Armor: Robe              |    12 |       ||    12
Dodge: Dodged            |   101 |    72 ||   173

Table legend: (Time is in decaauts)
 A = Elapsed time spent in this place.
 B = Non-inter-level travel time spent in this place.
 C = Inter-level travel time spent in this place.
 D = Time resting spent in this place.
 E = Time spent auto-exploring this place.
 F = Levels seen in this place.
 G = Mean time per level.
                   A        B        C        D        E       F      G
               +--------+--------+--------+--------+--------+-----+--------+
         Total |   2675 |   2615 |     60 |    187 |   1834 |   5 |  535.0 |
       Dungeon |   2637 |   2577 |     60 |    187 |   1834 |   4 |  659.2 |
       Ossuary |     38 |     38 |      0 |      0 |      0 |   1 |   38.0 |
               +--------+--------+--------+--------+--------+-----+--------+

Top non-repeatable levels by time:
     D:1: 1525 daAuts
     D:2: 689 daAuts
     D:4: 418 daAuts
 Ossuary: 38 daAuts
     D:3: 4 daAuts
